Map: Thunderbird LE

Players

RlSky (RiSky)

  • Race: Zerg Zerg
  • Spawn Location: 5:00

Kelazhur - Winner!

  • Race: Terran Terran
  • League: Master
  • Spawn Location: 11:00

Event: NationWars 2019

VOD

Have the link to the VOD?

Description

Time

  • Played on: Oct. 12, 2019, 4:01 p.m.
  • Length: 8:04

All games in this series

Show
View Real Time Build Order
Export as new Build Order

RlSky Zerg 

Build Orders: Hatch First 

Get SALT Encoding   

  12  0:00  Drone  
  13  0:12  Overlord  
  13  0:16  Drone  
  14  0:30  Drone x2  
  16  0:48  Hatchery  
  15  0:50  Drone  
  15  0:53  Drone  
  17  0:57  Drone  
  18  1:08  Extractor  
  17  1:12  Spawning Pool  
  17  1:15  Drone  
  17  1:19  Drone  
  18  1:27  Drone  
  19  1:38  Drone  
  20  1:48  Overlord  
  20  1:59  Queen x2  
  20  2:00  Zergling x4  
  26  2:10  Drone x2  
  28  2:21  Drone x2  
  30  2:31  Hatchery  
  30  2:32  Drone  
  30  2:38  Drone  
  30  2:40  Pneumatized Carapace  
  31  2:46  Overlord  
  31  2:47  Drone  
  31  2:56  Drone  
  32  2:59  Drone  
  32  3:05  Drone  
  34  3:06  Drone  
  34  3:09  Drone x2  
  34  3:11  Zergling x2  
  38  3:16  Overlord  
  38  3:23  Drone  
  38  3:24  Queen x2  
  43  3:30  Overlord  
  43  3:37  Drone x2  
  43  3:38  Drone  
  46  3:42  Drone  
  46  3:43  Drone x2, Queen  
  46  3:45  Drone  
  46  3:47  Drone  
  53  3:51  Drone  
  54  3:57  Zergling x2  
  54  4:00  Metabolic Boost  
  55  4:07  Zergling x4, Extractor x2  
  55  4:11  Spore Crawler  
  55  4:12  Drone  
  55  4:14  Spore Crawler  
  55  4:16  Drone x3  
  58  4:18  Lair  
  58  4:19  Overlord  
  58  4:22  Queen  
  58  4:23  Overlord  
  60  4:27  Overlord  
  60  4:30  Overlord  
  60  4:34  Roach Warren  
  60  4:37  Overlord  
  60  4:38  Drone x2  
  61  4:39  Drone x2  
  61  4:43  Zergling x6  
  66  4:48  Drone  
  66  4:50  Zergling x2  
  66  4:53  Zergling x2  
  66  4:57  Evolution Chamber  
  66  4:58  Zergling x2  
  65  5:01  Zergling x2, Evolution Chamber  
  65  5:03  Zergling x2  
  62  5:10  Zergling x2  
  46  5:15  Drone  
  46  5:18  Drone x2  
  52  5:21  Drone  
  52  5:24  Overlord  
  52  5:26  Drone x2  
  47  5:29  Glial Reconstitution  
  47  5:31  Queen  
  47  5:33  Spore Crawler  
  47  5:35  Spore Crawler  
  47  5:44  Roach x3  
  47  5:49  Roach x2  
  55  5:57  Roach  
  56  6:04  Roach  
  58  6:05  Roach  
  58  6:07  Overlord  
  60  6:15  Queen  
  62  6:19  Zergling x2  
  62  6:23  Zergling x2  
  62  6:24  Zergling x2  
  65  6:29  Zergling x4  
  65  6:31  Zergling x2  
  67  6:34  Zergling x4  
  67  6:39  Zergling x2  
  69  6:46  Overlord  
  68  6:49  Zergling x2  
  68  6:55  Zergling x4  
  68  6:56  Zergling x2  
  68  6:58  Zergling x2  
  68  7:00  Zergling x2  
  74  7:01  Ravager  
  74  7:04  Zergling x2  
  74  7:06  Zergling x2  
  73  7:13  Zergling x6  
  76  7:18  Zergling x4  
  76  7:21  Zergling x4  
  79  7:28  Zergling x6  
  82  7:35  Zergling x6  
  83  7:41  Zergling x2  
  79  7:46  Zergling x4  
Show
View Real Time Build Order
Export as new Build Order

Kelazhur Terran - Winner!

Build Orders: Reaper Expand, Mech 

Get SALT Encoding   

  12  0:00  SCV  
  13  0:12  SCV  
  14  0:17  Supply Depot  
  14  0:24  SCV  
  15  0:38  SCV  
  15  0:40  Barracks  
  16  0:43  Refinery  
  16  0:50  SCV  
  17  1:02  SCV  
  18  1:14  SCV  
  19  1:27  Orbital Command, Reaper  
  20  1:38  Command Center  
  20  1:43  Refinery  
  20  1:50  Supply Depot  
  20  1:54  SCV  
  20  1:59  Reaper  
  22  2:06  SCV  
  23  2:14  Factory  
  23  2:18  SCV  
  24  2:30  SCV  
  24  2:33  Barracks Reactor  
  25  2:43  SCV  
  27  2:52  Orbital Command  
  27  2:55  SCV  
  27  2:59  Starport  
  27  3:07  SCV  
  28  3:14  Hellion x2  
  28  3:19  SCV  
  33  3:20  SCV  
  34  3:31  SCV  
  34  3:32  Supply Depot  
  34  3:33  SCV  
  36  3:37  Fusion Core  
  36  3:38  Hellion x2  
  40  3:43  SCV, Viking  
  40  3:46  Barracks Tech Lab  
  40  3:47  SCV  
  44  3:55  SCV, Supply Depot  
  44  4:00  Hellion x2  
  44  4:01  SCV  
  50  4:07  Supply Depot  
  50  4:08  SCV  
  51  4:13  SCV  
  52  4:20  SCV  
  57  4:25  SCV  
  57  4:28  Supply Depot  
  57  4:29  Battlecruiser  
  60  4:32  SCV  
  60  4:37  SCV, Hellion x2  
  66  4:44  SCV  
  67  4:50  SCV  
  66  4:56  SCV  
  66  4:59  Hellion x2  
  71  5:02  SCV  
  72  5:08  SCV, Command Center  
  72  5:14  SCV  
  68  5:17  Refinery, Weapon Refit  
  68  5:18  Refinery  
  68  5:20  SCV, Hellion x2  
  67  5:30  SCV  
  68  5:36  SCV  
  70  5:42  SCV  
  70  5:47  Battlecruiser  
  70  5:48  SCV  
  77  5:50  Engineering Bay  
  77  5:52  Supply Depot  
  77  5:53  Supply Depot  
  77  5:54  Supply Depot  
  77  5:59  SCV  
  78  6:13  SCV  
  78  6:14  Factory, Hellion x2  
  78  6:15  Supply Depot, Factory  
  78  6:16  Armory, Supply Depot  
  83  6:22  Orbital Command  
  83  6:28  SCV  
  84  6:38  SCV  
  89  6:40  Hellion x2  
  87  6:50  SCV x3  
  87  6:53  Battlecruiser  
  96  6:58  Factory Tech Lab x2  
  100  7:01  Hellion x2  
  100  7:02  SCV x3  
  103  7:14  SCV  
  104  7:18  Siege Tank x2  
  104  7:37  Hellion x2  
  104  7:43  SCV  
  104  7:44  SCV x2  
Tags
 
Add a new tag
Caveats
  • Supply blocks, unpowered buildings, or Contaminate may cause inaccurate times.
  • Supply counts are checked every 10 seconds.